 Dungeon Crawl Stone Soup version 0.31.0-12-g77e489cdc1 (webtiles) character file.

Game seed: 12631070925866328498

67 Gadfly the Insei (level 3, -5/29 HPs)
             Began as a Demonspawn Monk on Feb 12, 2024.
             Slain by an iguana (11 damage)
             ... on level 3 of the Dungeon.
             The game lasted 00:04:54 (1911 turns).

Gadfly the Insei (Demonspawn Monk)                  Turns: 1911, Time: 00:04:54

Health: -5/29      AC:  5    Str: 13    XL:     3   Next: 98%
Magic:  3/3        EV: 13    Int: 10    God:
Gold:   145        SH:  0    Dex: 15    Spells: 2/2 levels left

rFire   . .          .
                       - Unarmed
rCold   . . .        c - orb {light}
rNeg    . . .        a - +0 robe
rPois   .            i - +1 helmet
rElec   .            e - +0 cloak
rCorr   .            (no gloves)
SInv    .            (no boots)
Will    +....        (no amulet)
Stlth   +            h - ring of willpower
HPRegen 0.24/turn    (no ring)
MPRegen 0.08/turn

%: no passive effects
@: glowing
A: foul stench 2
a: no special abilities


You were on level 3 of the Dungeon.
You visited 1 branch of the dungeon, and saw 3 of its levels.

You collected 145 gold pieces.

Inventory:

Armour
 a - a +0 robe (worn)
 c - an orb of light (worn)
 e - a +0 cloak (worn)
 i - a +1 helmet (worn)
Jewellery
 h - a ring of willpower (left hand)
Scrolls
 f - 2 scrolls of enchant armour
Potions
 b - 2 potions of ambrosia
 d - a potion of curing
 j - a potion of haste


   Skills:
 - Level 3.0 Fighting
 + Level 3.0 Dodging
 * Level 3.2 Unarmed Combat
 * Level 1.7 Evocations
 * Level 1.3 Shapeshifting


You had 2 spell levels left.
You didn't know any spells.
Your spell library contained the following spells:

 Spells                   Type           Power      Damage    Failure   Level
 Apportation              Tloc           0%         N/A       36%         1
 Necrotise                Necr           0%         1d4       36%         1
 Sting                    Conj/Alch      0%         1d3       36%         1
 Summon Small Mammal      Summ           0%         N/A       36%         1


Dungeon Overview and Level Annotations

Branches:
Dungeon (3/15)

Altars:

Shops:
D:2 (


Innate Abilities, Weirdness & Mutations

You sometimes emit foul miasma when damaged in melee.


Message History

You hit the iguana but do no damage. The iguana bites you!
You hit the iguana.
The iguana is lightly wounded.
The iguana bites you!
You are too injured to fight recklessly!
You are too injured to fight recklessly!
You are too injured to fight recklessly!
You are too injured to fight recklessly!
You are too injured to fight recklessly!
You are too injured to fight recklessly!
You are too injured to fight recklessly!
You are too injured to fight recklessly!
You are too injured to fight recklessly!
You are too injured to fight recklessly!
You are too injured to fight recklessly!
You are too injured to fight recklessly!
You are too injured to fight recklessly!
You are too injured to fight recklessly!
You are too injured to fight recklessly!
You are too injured to fight recklessly!
You are too injured to fight recklessly!
You are too injured to fight recklessly!
The quokka misses you. The quokka misses you. The quokka closely misses you.
You hit the quokka.
The quokka is almost dead.
The quokka bites you.
You hit the quokka.
You kill the quokka!
You hit the iguana but do no damage.
The iguana is lightly wounded.
The iguana bites you.
* * * LOW HITPOINT WARNING * * *
You emit a cloud of foul miasma!
You hit the iguana.
The iguana is moderately wounded.
The iguana is engulfed in dark miasma.
The iguana is poisoned.
The iguana seems to slow down.
The iguana bites you!
You die...

....# ###.## #..#
#########
##)#####........ #
#<..##..####### #
###......##
.............#####
#####..#.........#
#...##....####@#
...####.>..####l## ###
#........##..####
#.#....#...#....###...
...###.####....#......>
.# #.....###..#####
#..... ##.†.# .......
###.# ..#.... ...


You could see an iguana (poisoned, slow).

Vanquished Creatures
  2 adders (D:2)
  2 ribbon worms (D:2)
  A dart slug (D:1)
  2 ball pythons (D:1)
  4 endoplasms (D:1)
  3 goblins
  9 hobgoblins
  3 quokkas
  4 bats
  3 frilled lizards
  A kobold (D:1)
  6 rats
40 creatures vanquished.

Notes
Turn   | Place    | Note
-------+----------+-------------------------------------------
     0 | D:1      | Gadfly the Demonspawn Monk began the quest for the Orb.
     0 | D:1      | Reached XP level 1. HP: 18/18 MP: 1/1
   389 | D:1      | Gained mutation: You may rarely emit foul miasma when
                  | damaged in melee. [demonic ancestry]
   389 | D:1      | Reached XP level 2. HP: 22/24 MP: 2/2
   446 | D:1      | Reached skill level 1 in Evocations
  1075 | D:2      | Gained mutation: You sometimes emit foul miasma when
                  | damaged in melee. [demonic ancestry]
  1075 | D:2      | Reached XP level 3. HP: 29/29 MP: 3/3
  1170 | D:2      | Reached skill level 1 in Shapeshifting
  1459 | D:2      | Found Ehic's Antique Weapon Emporium.
  1911 | D:3      | Slain by an iguana

Illustrated notes

Levels and vault maps discovered:
D:1:      amcnicky_arrival_wind_blow, layout_loops_ring
D:2:      layout_basic, serial_shops, shop
D:3:      layout_rooms, tgw_sif

Skill      XL: |  1  2  3 |
---------------+----------+-----
Evocations     | 1 |  1.7
Unarmed Combat | 3 |  3.2
Shapeshifting  | 1 |  1.3
Dodging        | 3 |  3.0
Fighting       | |  3.0

Action                     || total
---------------------------++-------
  Melee: Unarmed           ||   123
    Use: Scroll            ||     5
         Potion            ||     1
 Armour: Robe              ||    51
  Dodge: Dodged            ||    73
